 Dungeon Sprint DCSS version 0.18.1-5-g4a78601 (webtiles) character file.

120 IcyTea the Basher (level 4, -1/52 HPs)
             Began as a Demonspawn Berserker on May 14, 2016.
             Was a Priest of Trog.
             Shot with an arrow by a centaur (15 damage)
             ... in the Dungeon (Sprint IX: "|||||||||||||||||||||||||||||").
             The game lasted 00:00:33 (161 turns).

IcyTea the Basher (Demonspawn Berserker)             Turns: 161, Time: 00:00:34

Health: -1/52      AC:  2    Str: 23    XL:     4   Next: 75%
Magic:  4/4        EV: 12    Int:  8    God:    Trog [***...]
Gold:   0          SH:  0    Dex: 13    Spells: 0 memorised, 3 levels left

rFire  . . .     SeeInvis .     a - +0 mace
rCold  . . .     Gourm    .     b - +0 animal skin
rNeg   . . .     Faith    .     (no shield)
rPois  .         Spirit   .     (no helmet)
rElec  .         Dismiss  .     (no cloak)
rCorr  .         Reflect  .     (no gloves)
SustAt .         Harm     .     (no boots)
MR     .....     NoTele   +     (no amulet)
Stlth  ..........               (no ring)
                                (no ring)

@: berserking (expiring), very quick, not resistant to hostile enchantments,
extremely unstealthy
A: talons 2
a: Berserk, Trog's Hand, Burn Spellbooks, Renounce Religion


You were in the Dungeon.
You worshipped Trog.
Trog was most pleased with you.
You were not hungry.

You visited 1 branch

Inventory:

Hand Weapons
 a - a +0 mace (weapon)
Armour
 b - a +0 animal skin (worn)
Scrolls
 i - a scroll of blinking
Potions
 d - a potion of curing
 e - a potion of heal wounds
 f - a potion of haste
 g - 2 potions of magic
 h - a potion of berserk rage
Comestibles
 c - a bread ration


   Skills:
 - Level 3.0 Fighting
 + Level 9.1 Maces & Flails
 - Level 1.7 Armour
 - Level 1.7 Dodging


You had 3 spell levels left.
You didn't know any spells.

Dungeon Overview and Level Annotations

Branches:
Dungeon (1/1)

Altars:


Innate Abilities, Weirdness & Mutations

You have razor-sharp toenails.


Message History

You feel stronger.
You have reached level 4!
You feel agile.
Your demonic ancestry asserts itself...
Your toenails lengthen and sharpen.
You thump the orc!
You kill the orc!
Trog accepts your kill.
You sock the jelly!
Your hands burn!
* * * LOW HITPOINT WARNING * * *
You claw the jelly.
You kill the jelly!
Trog accepts your kill.
Your Maces & Flails skill increases to level 9!
There is an open door here.
Items here: )) †† a morningstar; a giant club; an orc corpse; an ogre corpse You sock the quokka zombie!
You destroy the quokka zombie!
The centaur wields a shortbow.
The centaur shoots an arrow.
The arrow hits you!
You die... ▓▓▓▓▓▓▓▓▓▓▓▓▓▓▓▓▓▓ ▓<...).....@.c...+ ▓▓▓▓▓▓▓▓▓▓▓▓▓▓▓▓▓▓

You could see a centaur.

Vanquished Creatures
  An ogre (D)
  A jelly (D)
  A dart slug (D)
  An orc (D)
  A bat (D)
  A kobold (D)
  A giant newt (D)
  A quokka zombie (D)
  A rat (D)
9 creatures vanquished.

Vanquished Creatures (others)
  A spatial maelstrom (D)
1 creature vanquished.

Grand Total: 10 creatures vanquished

Notes
Turn   | Place    | Note
--------------------------------------------------------------
     0 | D        | IcyTea the Demonspawn Berserker began the quest for the Orb.
     0 | D        | Reached XP level 1. HP: 18/18 MP: 1/1
     2 | D        | Banished a spatial maelstrom
     6 | D        | Reached skill level 3 in Maces & Flails
     8 | D        | Reached ** piety under Trog
    16 | D        | Reached skill level 4 in Maces & Flails
   151 | D        | Noticed an ogre
   151 | D        | Noticed a jelly
   151 | D        | Noticed a centaur
   156 | D        | Killed an ogre
   156 | D        | Reached *** piety under Trog
   156 | D        | Reached skill level 8 in Maces & Flails
   156 | D        | Gained mutation: You have sharp toenails. [demonic ancestry]
   156 | D        | Reached XP level 2. HP: 12/24 MP: 2/2
   156 | D        | Reached XP level 3. HP: 15/29 MP: 3/3
   156 | D        | Gained mutation: You have razor-sharp toenails. [demonic ancestry]
   156 | D        | Reached XP level 4. HP: 18/35 MP: 4/4
   159 | D        | Reached skill level 9 in Maces & Flails
   161 | D        | Shot with an arrow by a centaur

Skill      XL: |  1  2  3  4 |
---------------+-------------+-----
Maces & Flails | 8 9 |  9.1
Fighting       | |  3.0
Armour         | |  1.7
Dodging        | |  1.7

Action                   |  1- 3 |  4- 6 || total
-------------------------+-------+-------++-------
Melee: Mace              |    22 |     3 ||    25
       Kick              |       |     1 ||     1
Invok: Berserk           |     1 |       ||     1
Armor: Animal skin       |     5 |       ||     5
Dodge: Dodged            |    12 |       ||    12
